 Dungeon Crawl Stone Soup version 0.27.1-34-g3ba077fa99 (webtiles) character file.

Game seed: 17938545899636794221

58 Doot the Caller (level 4, 0/24 HPs)
             Began as a Tengu Summoner on Jan 19, 2022.
             Slain by a goblin (1 damage)
             ... led by Robin
             ... on level 3 of the Dungeon.
             The game lasted 00:04:05 (2892 turns).

Doot the Caller (Tengu Summoner)                    Turns: 2892, Time: 00:04:06

Health: 0/24       AC:  2    Str:  8    XL:     4   Next: 2%
Magic:  2/9        EV: 12    Int: 17    God:
Gold:   92         SH:  0    Dex: 14    Spells: 2/8 levels left

rFire    . . .     SeeInvis .   e - +0 whip
rCold    . . .     Faith    .   (no shield)
rNeg     . . .     Spirit   .   a - +0 robe
rPois    .         Reflect  .   (helmet restricted)
rElec    .         Harm     .   (no cloak)
rCorr    .         Rampage  .   (no gloves)
Will     +....                  (boots unavailable)
Stlth    ++........             (no amulet)
HPRegen  0.08/turn              c - ring of willpower
MPRegen  0.11/turn              (no ring)

@: lethally poisoned (0 -> -6)
A: beak, talons 3, passive freeze
a: no special abilities


You were on level 3 of the Dungeon.
You visited 1 branch of the dungeon, and saw 3 of its levels.

You collected 92 gold pieces.

Inventory:

Hand Weapons
 e - a +0 whip (weapon)
Missiles
 j - 2 javelins
Armour
 a - a +0 robe (worn)
Jewellery
 c - a ring of willpower (left hand)
Scrolls
 b - 3 scrolls of enchant armour {unknown}
 f - 2 scrolls of teleportation {unknown}
 g - 2 scrolls of identify {unknown}
 h - a scroll of magic mapping {unknown}
 i - a scroll of noise {unknown}
 k - a scroll of vulnerability {unknown}
Potions
 d - a potion of mutation
 l - a potion of haste {unknown}


   Skills:
 + Level 0.5 Fighting
 + Level 0.4 Maces & Flails
 + Level 2.3 Dodging
 + Level 2.2 Stealth
 + Level 2.7 Spellcasting
 + Level 5.6 Summonings


You had 2 spell levels left.
You knew the following spells:

 Your Spells              Type           Power      Damage    Failure   Level
a - Summon Small Mammal   Summ           84%        N/A       1%          1
b - Call Imp              Summ           21%        N/A       2%          2
c - Call Canine Familiar  Summ           21%        N/A       5%          3

Your spell library contained the following spells:

 Spells                   Type           Power      Damage    Failure   Level
 Summon Guardian Golem    Hex/Summ       11%        N/A       17%         3
 Summon Lightning Spire   Summ/Air       11%        N/A       50%         4
 Storm Form               Tmut/Air       1%         N/A       100%        7
 Maxwell's Capacitive Co  Air            1%         ∞         100%        8


Dungeon Overview and Level Annotations

Branches:
Dungeon (3/15)

Altars:


Innate Abilities, Weirdness & Mutations

You have a beak for a mouth.
You have claws for feet.
A frigid envelope surrounds you and freezes all who hurt you.


Message History

Your crimson imp misses the goblin.
Your hound bites the goblin.
The goblin dies!
You hit the adder but do no damage. Your peck misses the adder.
The adder is moderately wounded.
The goblin hits you but does no damage. The adder bites you.
You are poisoned.
The adder poisons you!
Your hound barely misses the goblin.
Your crimson imp completely misses the goblin.
Your crimson imp closely misses the goblin.
You hit the adder.
The adder is heavily wounded.
You feel sick. The adder bites you.
You are more poisoned.
The adder poisons you!
Your hound barely misses the goblin.
The goblin barely misses you. The adder bites you.
* * * LOW HITPOINT WARNING * * *
You are more poisoned.
The adder poisons you!
Your crimson imp barely misses the goblin.
Your crimson imp misses the goblin.
The goblin closely misses you.
You swap places.
* * * LOW HITPOINT WARNING * * *
You feel sick.
Your hound barely misses the goblin.
The adder closely misses your crimson imp.
Your crimson imp hits the goblin.
Your crimson imp completely misses the goblin.
The goblin hits you with a +0 club.
* * * LOW HITPOINT WARNING * * *
It was a potion of mutation.
You feel extremely strange.
Your skin feels very cold.
* * * LOW HITPOINT WARNING * * *
You feel sick.
The adder closely misses your crimson imp.
Your hound barely misses the goblin.
A ball python comes into view.
The goblin barely misses your crimson imp.
Your crimson imp closely misses the goblin.
Your crimson imp barely misses the goblin.
The goblin hits you with a +0 club.
You die...

############
#..........#
#..........#
#..........# #
#.5@.......#####....
#gg5........<....#
##hS..####..........#
#..#### #......#...#
#..## #.....## ..#
#..)# #.....# #
...... ......# #.S##
##.....# #. #.....#


You could see an adder, 2 goblins, a ball python, a friendly hound (summoned)
and 2 friendly crimson imps.

Vanquished Creatures
  A gnoll (D:2)
  A dart slug (D:1)
  2 bats (D:2)
  An endoplasm (D:1)
  A giant cockroach (D:2)
  A goblin (D:2)
  3 hobgoblins
  3 frilled lizards (D:2)
  A kobold (D:2)
  2 rats (D:2)
16 creatures vanquished.

Vanquished Creatures (collateral kills)
  3 gnolls (D:2)
  An adder (D:2)
  A dart slug (D:1)
  A ball python (D:1)
  2 endoplasms (D:1)
  2 goblins
  2 hobgoblins (D:3)
  2 quokkas
  3 bats
  3 frilled lizards
  A kobold (D:1)
  A rat (D:1)
22 creatures vanquished.

Grand Total: 38 creatures vanquished

Notes
Turn   | Place    | Note
-------+----------+-------------------------------------------
     0 | D:1      | Doot the Tengu Summoner began the quest for the Orb.
     0 | D:1      | Reached XP level 1. HP: 10/10 MP: 4/4
   119 | D:1      | Reached skill level 5 in Summonings
   535 | D:1      | Reached XP level 2. HP: 13/15 MP: 1/6
   539 | D:1      | Learned a level 2 spell: Call Imp
  1144 | D:1      | Found a faded altar of an unknown god.
  1551 | D:2      | Reached XP level 3. HP: 15/20 MP: 3/7
  1555 | D:2      | Learned a level 3 spell: Call Canine Familiar
  2883 | D:3      | Reached XP level 4. HP: 24/24 MP: 5/9
  2892 | D:3      | Gained mutation: A frigid envelope surrounds you and
                  | freezes all who hurt you. [potion of mutation]
  2892 | D:3      | HP: 1/24 [poisoned by an adder]
  2892 | D:3      | Slain by a goblin

Illustrated notes

Levels and vault maps discovered:
D:1:      dpeg_arrival_oval, layout_rooms, shapermc_ecumenical_altar_petra
D:2:      layout_loops_ring, kennysheep_small_spiral
D:3:      layout_rooms, small_statue_intersection, uniq_robin

Skill      XL: |  1 |
---------------+----+-----
Summonings     | 5 |  5.6
Fighting       | |  0.5
Maces & Flails | |  0.4
Dodging        | |  2.3
Stealth        | |  2.2
Spellcasting   | |  2.7

Action                   |  1- 3 |  4- 6 || total
-------------------------+-------+-------++-------
Melee: Unarmed           |     4 |       ||     4
       Whip              |    63 |     2 ||    65
       Peck              |    10 |       ||    10
       Kick              |    12 |       ||    12
 Cast: Summon Small Mamm |    19 |       ||    19
       Call Imp          |    18 |     2 ||    20
       Call Canine Famil |     4 |       ||     4
  Use: Potion            |       |     1 ||     1
Armor: Robe              |    20 |     1 ||    21
Dodge: Dodged            |    73 |     2 ||    75
